 Dungeon Crawl Stone Soup version 0.22-a0-558-gc2241811a9 (webtiles) character file.

2259 Kholdaimon the Covert (level 9, -13/66 HPs)
             Began as a Vampire Assassin on June 26, 2018.
             Was a Follower of Uskayaw.
             Mangled by a white ugly thing (15 damage)
             ... on level 8 of the Dungeon.
             The game lasted 00:53:57 (8410 turns).

Kholdaimon the Covert (Vampire Assassin)            Turns: 8410, Time: 00:53:57

Health: -13/66     AC: 12    Str: 16    XL:     9   Next: 15%
Magic:  9/9        EV: 14    Int: 22    God:    Uskayaw [*.....]
Gold:   349        SH:  0    Dex: 16    Spells: 8/8 levels left

rFire    . . .     SeeInvis +   a - +3 dagger
rCold    + . .     Gourm    .   (no shield)
rNeg     + + .     Faith    .   v - +0 ring mail
rPois    +         Spirit   .   w - +0 helmet
rElec    .         Reflect  .   y - +2 cloak {rPois}
rCorr    .         Harm     .   (no gloves)
MR       .....                  f - +1 pair of boots
Stlth    ++++++....             (no amulet)
HPRegen  0.10/turn              m - +3 ring of intelligence
MPRegen  0.11/turn              k - ring of Lehamer {rPois Str+3 Int+6 Stlth+}

@: regenerating slowly, hasted, very quick
A: fangs 3, see invisible, unbreathing
a: Bat Form, Stomp, Renounce Religion


You were on level 8 of the Dungeon.
You worshipped Uskayaw.
Uskayaw was noncommittal.
You were very thirsty.

You visited 2 branches of the dungeon, and saw 9 of its levels.

You collected 349 gold pieces.

Inventory:

Hand Weapons
 a - a +3 dagger (weapon)
 b - a +0 blowgun
 x - a +0 hunting sling
Missiles
 e - 58 poisoned needles
 h - 286 stones (quivered)
 j - 84 sling bullets
 t - 6 javelins
 B - 5 tomahawks
 E - a curare-tipped needle
Armour
 f - a +1 pair of boots (worn)
 v - a +0 ring mail (worn)
 w - a +0 helmet (worn)
 y - a +2 cloak of poison resistance (worn)
Jewellery
 k - the ring of Lehamer (right hand) {rPois Str+3 Int+6 Stlth+}
   (You found it on level 5 of the Dungeon)

   [ring of poison resistance]

   It affects your strength (+3).
   It affects your intelligence (+6).
   It protects you from poison.
   It makes you more stealthy.
 l - an uncursed amulet of harm {unknown}
 m - a +3 ring of intelligence (left hand)
 F - an uncursed amulet of the gourmand {unknown}
 J - a +4 ring of evasion {unknown}
Wands
 G - a wand of iceblast (11)
Scrolls
 o - a scroll of enchant weapon
 p - 3 scrolls of teleportation
 u - 3 scrolls of identify
 A - a scroll of enchant armour
 H - a scroll of remove curse
Potions
 c - a potion of resistance {unknown}
 d - a potion of brilliance {unknown}
 g - 15 potions of blood
 i - 2 potions of mutation
 n - 3 potions of cancellation
 r - a potion of flight
 z - a potion of might {unknown}
 C - a potion of magic {unknown}
 D - a potion of curing {unknown}
 I - a potion of lignification {unknown}


   Skills:
 + Level 4.3 Fighting
 * Level 6.9 Short Blades
 + Level 4.1 Throwing
 + Level 2.8 Armour
 + Level 5.0 Dodging
 * Level 10.9 Stealth


You had 8 spell levels left.
You didn't know any spells.
Your spell library was empty.

Dungeon Overview and Level Annotations

Branches:
Dungeon (8/15)             Temple (1/1) D:7
   Lair: D:8-11

Altars:
Ashenzari
Cheibriados
Dithmenos
Gozag
Kikubaaqudgha
Makhleb
Ru
Sif Muna
Trog
Uskayaw
Wu Jian
Xom
Yredelemnul
Zin
The Shining One


Innate Abilities, Weirdness & Mutations

You heal slowly.
You have razor-sharp teeth.
You have supernaturally acute eyesight. (SInv)
You can survive without breathing.


Message History

You hit the white ugly thing but do no damage.
The white ugly thing is moderately wounded.
The white ugly thing misses you.
You closely miss the white ugly thing.
The white ugly thing is moderately wounded.
You hit the white ugly thing but do no damage.
Your bite misses the white ugly thing.
The white ugly thing is moderately wounded.
The white ugly thing gores you but does no damage.
You hit the white ugly thing but do no damage.
You bite the white ugly thing, but do no damage.
The white ugly thing is moderately wounded.
You hit the white ugly thing. You bite the white ugly thing.
You draw the white ugly thing's blood!
You feel better.
You feel slightly less thirsty.
The white ugly thing is moderately wounded.
The white ugly thing gores you!
* * * LOW HITPOINT WARNING * * *
The white ugly thing freezes you! You resist.
You die...

###
#.#########
#.........#
#.#######.#
#.# #.#
#.#######.#
#.##@uO.#.#
#.#####.#.#
#.# #.#.#
#.# #.#.#
#.# #.#.#
#.# #.#.#
#########.#
#.#.#
#.........#
#.#.##
#.#########
#....#


You could see a white ugly thing and an ogre.

Vanquished Creatures
  A slime creature (D:7)
  Grinder (D:3)
  Sigmund (D:2)
  A hungry ghost (D:7)
  2 orc warriors
  A centaur (D:6)
  2 bullfrogs (D:6)
  A water moccasin skeleton (D:5)
  A scorpion (D:8)
  4 killer bees (D:8)
  A howler monkey (D:4)
  5 crimson imps
  A bullfrog zombie (D:5)
  3 hounds
  2 orc priests
  4 orc wizards
  A jelly (D:7)
  Crazy Yiuf (D:2)
  A bullfrog skeleton (D:6)
  An iguana (D:8)
  Jessica (D:3)
  3 worker ants
  Terence (D:2)
  Robin (D:2)
  6 adders
  An ooze (D:1)
  2 adder zombies (D:5)
  2 worms (D:2)
  5 dart slugs
  5 leopard geckos
  25 orcs
  10 bats
  10 giant cockroaches
  11 goblins
  11 hobgoblins
  11 jackals
  A quokka (D:2)
  5 ball pythons
  4 frilled lizards
  14 kobolds
  A leopard gecko zombie (D:6)
  2 rats (D:1)
167 creatures vanquished.

Notes
Turn   | Place    | Note
-------+----------+-------------------------------------------
     0 | D:1      | Kholdaimon the Vampire Assassin began the quest for the Orb.
     0 | D:1      | Reached XP level 1. HP: 16/16 MP: 1/1
    89 | D:1      | Reached skill level 6 in Stealth
    92 | D:1      | Reached XP level 2. HP: 19/22 MP: 2/2
   307 | D:1      | Reached XP level 3. HP: 27/27 MP: 3/3
   614 | D:2      | Noticed Sigmund
   619 | D:2      | Found a shattered altar of Ashenzari.
   625 | D:2      | Killed Sigmund
   625 | D:2      | Reached XP level 4. HP: 34/34 MP: 4/4
   625 | D:2      | Reached XP level 5. HP: 39/39 MP: 5/5
   676 | D:2      | Noticed Terence
   713 | D:2      | Killed Terence
   713 | D:2      | Reached skill level 7 in Stealth
  1400 | D:2      | Noticed Robin
  1743 | D:2      | Killed Robin
  1947 | D:2      | Reached XP level 6. HP: 46/46 MP: 6/6
  2064 | D:2      | Found a runed door.
  2068 | D:2      | Noticed Crazy Yiuf
  2216 | D:2      | Killed Crazy Yiuf
  2773 | D:2      | Found a shattered altar of Ashenzari.
  3161 | D:3      | Noticed Jessica
  3172 | D:3      | Killed Jessica
  3496 | D:3      | Noticed Grinder
  3528 | D:3      | Paralysed by Grinder for 7 turns
  3564 | D:3      | Killed Grinder
  3564 | D:3      | Reached skill level 8 in Stealth
  3564 | D:3      | Reached XP level 7. HP: 41/52 MP: 7/7
  4355 | D:4      | Reached skill level 1 in Armour
  4682 | D:5      | Entered Level 5 of the Dungeon
  4937 | D:5      | Got a transparent wooden ring
  5590 | D:5      | Identified the ring of Lehamer {rPois Str+3 Int+6 Stlth+} (You found it on level 5 of the Dungeon)
  5873 | D:5      | Reached skill level 5 in Short Blades
  6575 | D:6      | Reached skill level 9 in Stealth
  6605 | D:6      | Found a sacrificial altar of Ru.
  6606 | D:6      | Found a snail-covered altar of Cheibriados.
  6645 | D:6      | Reached XP level 8. HP: 59/59 MP: 8/8
  7450 | D:7      | Found a staircase to the Ecumenical Temple.
  7466 | Temple   | Entered the Ecumenical Temple
  7529 | Temple   | Became a worshipper of Uskayaw the Reveler
  7595 | D:7      | You are sucked into a shaft!
  7607 | D:8      | Reached * piety under Uskayaw
  7625 | D:8      | Reached ** piety under Uskayaw
  7746 | D:8      | Reached skill level 10 in Stealth
  7799 | D:8      | Reached *** piety under Uskayaw
  7802 | D:8      | Reached **** piety under Uskayaw
  8251 | D:7      | Noticed a slime creature
  8266 | D:7      | Killed a slime creature
  8266 | D:7      | Reached XP level 9. HP: 46/65 MP: 9/9
  8279 | D:7      | Noticed a white ugly thing
  8338 | D:7      | Reached skill level 5 in Dodging
  8403 | D:8      | HP: 3/66 [white ugly thing (15)]
  8410 | D:8      | HP: 2/66 [white ugly thing (9)]
  8410 | D:8      | Mangled by a white ugly thing

Vault maps used:
D:1:      matt_arrival_refuge, minmay_misc_feat_room, kennysheep_boxes
D:2:      evilmike_ruin_ashenzari, minmay_tripent, uniq_robin,
          uniq_crazy_yiuf_cottage, uniq_sigmund, uniq_terence
D:3:      uniq_jessica, uniq_grinder
D:4:      first_ration, saegor_snake_ambush
D:5:      minmay_checkerbox
D:6:      nicolae_overflow_hidden_temple
D:7:      cheibrodos_fzero, temple_pool_b
D:8:      uniq_grum
Temple:   minmay_crystal_spiral_temple

Skill      XL: |  1  2  3  4  5  6  7  8  9 |
---------------+----------------------------+-----
Stealth        | 6 7 8 9 10 | 10.9
Fighting       | 2 3 4 |  4.3
Throwing       | 2 3 4 |  4.1
Short Blades   | 3 4 5 6 |  6.9
Dodging        | 2 3 4 5 |  5.0
Armour         | 1 2 |  2.8

Action                   |  1- 3 |  4- 6 |  7- 9 || total
-------------------------+-------+-------+-------++-------
Melee: Dagger            |    79 |   206 |   445 ||   730
       Bite              |     5 |    24 |    52 ||    81
 Fire: Blowgun           |       |    12 |       ||    12
Throw: Stone             |       |    19 |     5 ||    24
 Abil: End Transformatio |       |     1 |     4 ||     5
       Bat Form          |       |     1 |     4 ||     5
  Use: Potion            |       |     4 |    10 ||    14
       Scroll            |       |     3 |    11 ||    14
 Stab: Sleeping          |    10 |    11 |    20 ||    41
       Invisible         |       |     1 |       ||     1
       Paralysed         |       |       |     6 ||     6
Armor: Robe              |    23 |    23 |       ||    46
       Ring mail         |       |    40 |   127 ||   167
Dodge: Dodged            |    41 |   121 |   235 ||   397

Table legend:
 A = Spawn XP
 B = Non-spawn XP
 C = Spawn XP percentage of total XP
 D = Spawn monster count
 E = Non-spawn monster count
 F = Spawn count percentage of total count
 G = Total turns spent on level
                    A         B        C        D         E        F      G
               +---------+---------+-------+---------+---------+-------+---------
         Total |       0 |    3228 |   0.0 |       0 |     167 |   0.0 |  8410
               +---------+---------+-------+---------+---------+-------+---------
           D:1 |       0 |      56 |   0.0 |       0 |      27 |   0.0 |   597
           D:2 |       0 |     370 |   0.0 |       0 |      33 |   0.0 |  2468
           D:3 |       0 |     350 |   0.0 |       0 |      22 |   0.0 |   819
           D:4 |       0 |     132 |   0.0 |       0 |      12 |   0.0 |   815
           D:5 |       0 |     441 |   0.0 |       0 |      27 |   0.0 |  1827
           D:6 |       0 |     650 |   0.0 |       0 |      17 |   0.0 |   914
           D:7 |       0 |     673 |   0.0 |       0 |       8 |   0.0 |   192
           D:8 |       0 |     556 |   0.0 |       0 |      21 |   0.0 |   655
               +---------+---------+-------+---------+---------+-------+---------
